 Dungeon Crawl Stone Soup version 0.28.0-53-g5a82cb258f (webtiles) character file.

Game seed: 14235695877871083353

178 Cykl0x the Digger (level 5, -5/28 HPs)
             Began as a Gargoyle Earth Elementalist on June 6, 2022.
             Slain by Crazy Yiuf
             ... wielding a +3 quarterstaff of chaos
              (24 damage)
             ... on level 2 of the Dungeon.
             The game lasted 00:03:20 (2393 turns).

Cykl0x the Digger (Gargoyle Earth Elementalist)     Turns: 2393, Time: 00:03:20

Health: -5/28      AC:  7    Str: 12    XL:     5   Next: 58%
Magic:  9/10       EV: 12    Int: 17    God:
Gold:   127        SH:  0    Dex: 10    Spells: 6/10 levels left

rFire   + . .      SeeInvis .   o - +0 flail
rCold   . . .      Faith    .   (no shield)
rNeg    + . .      Spirit   .   b - +0 robe
rPois   ∞          Reflect  .   (no helmet)
rElec   +          Harm     .   (no cloak)
rCorr   .          Rampage  .   c - +0 pair of gloves
Will    .....                   (no boots)
Stlth   ++........              g - amulet of regeneration
HPRegen 0.89/turn               e - ring of protection from fire
MPRegen 0.12/turn               (no ring)

@: no status effects
A: sickness immunity, AC +4, negative energy resistance 1, electricity
resistance, torment resistance 1, petrification resistance
a: no special abilities


You were on level 2 of the Dungeon.
You visited 1 branch of the dungeon, and saw 4 of its levels.

You collected 127 gold pieces.

Inventory:

Hand Weapons
 h - a +0 whip
 o - a +0 flail (weapon)
Missiles
 i - 37 stones
Armour
 b - a +0 robe (worn)
 c - a +0 pair of gloves (worn)
 n - a +0 buckler
Jewellery
 e - a ring of protection from fire (left hand)
 g - an amulet of regeneration (around neck)
 l - a +6 ring of dexterity
Wands
 m - a wand of polymorph (5)
Scrolls
 a - a scroll of teleportation
 k - 2 scrolls of fog
Potions
 d - a potion of curing
 f - 2 potions of degeneration
 j - a potion of mutation {unknown}


   Skills:
 + Level 1.8 Dodging
 - Level 2.1 Stealth
 + Level 3.3 Spellcasting
 * Level 2.1 Conjurations
 - Level 0.7 Transmutations
 + Level 5.5 Earth Magic


You had 6 spell levels left.
You knew the following spells:

 Your Spells              Type           Power      Damage    Failure   Level
a - Sandblast             Erth           42%        2d11      1%          1
b - Stone Arrow           Conj/Erth      30%        3d8       11%         3

Your spell library contained the following spells:

 Spells                   Type           Power      Damage    Failure   Level
 Passwall                 Tmut/Erth      10%        N/A       7%          2
 Petrify                  Tmut/Erth      13%        N/A       43%         4


Dungeon Overview and Level Annotations

Branches:
Dungeon (4/15)
 Temple: D:4-7

Altars:

Annotations:
D:2 Crazy Yiuf


Innate Abilities, Weirdness & Mutations

You are immune to sickness and miasma.
Your stone body is resilient. (AC +4)
You are immune to poison.
You resist negative energy. (rN+)
You are resistant to electric shocks. (rElec)
You are resistant to unholy torment.
You are immune to petrification.


Message History

You kill Terence!
Unknown command.
Your transformation is almost over.
You feel less wooden.
Your +0 pair of gloves unmelds from your body.
Your +0 robe unmelds from your body.
m - a wand of polymorph (5)
Things that are here:
a +0 flail; a +0 chain mail
o - a +0 flail (weapon)
You open the door.
There is an open door here.
f - 2 potions of degeneration (gained 1)
A bat comes into view.
Casting: Stone Arrow (quite dangerous; 11% risk of failure)
Confirm with . or Enter, or press ? or * to list all spells.
The spell is quite dangerous to miscast (11% risk of failure)!
Continue anyway?
Aiming: Stone Arrow (quite dangerous; 11% risk of failure)
Press: ? - help, Shift-Dir - straight line, f - bat
Aim: a bat (asleep, 100% to hit)
The stone arrow hits the bat.
You kill the bat!
You see here a bat corpse.
You see here a bat corpse.
Found a mace.
Found a runed translucent door.
Crazy Yiuf shouts!
Press: ? - help, v - describe, . - travel
Here: Crazy Yiuf, wielding a +3 quarterstaff of chaos and wearing a +0 cloak (fire blocked by a runed translucent door)
The floor.
You open the door. Crazy Yiuf misses you.
Casting: Stone Arrow (quite dangerous; 11% risk of failure)
Confirm with . or Enter, or press ? or * to list all spells.
The spell is quite dangerous to miscast (11% risk of failure)!
Continue anyway?
Okay, then.
The blast of sand hits Crazy Yiuf.
Crazy Yiuf is moderately wounded.
Crazy Yiuf hits you with a +3 quarterstaff of chaos!
Space warps horribly around you!!
Ouch! That really hurt!
You die...

....
...........+....<.>
####
########...##......
#........... #####
#......÷...# #..)#
#...###.#### #...#
#........... ...
###.###.#### #g#
... #..... ##@#
....#..... #.##
.....#..... ##.#
#..... #.## #.....
##.## #..... #...##
#..... #....#
#..... ### #....#
####+##'####
#.###....#
#........# #


You could see Crazy Yiuf.

Vanquished Creatures
  An ogre (D:4)
  Terence (D:2)
  An adder (D:4)
  A worm (D:4)
  2 dart slugs
  An orc (D:4)
  3 ball pythons
  5 bats
  4 endoplasms
  2 giant cockroaches
  4 goblins
  6 hobgoblins
  4 jackals (D:1)
  5 kobolds
  A quokka (D:2)
  3 frilled lizards
  4 rats
48 creatures vanquished.

Notes
Turn   | Place    | Note
-------+----------+-------------------------------------------
     0 | D:1      | Cykl0x the Gargoyle Earth Elementalist began the quest for
                  | the Orb.
     0 | D:1      | Reached XP level 1. HP: 10/10 MP: 3/3
   117 | D:1      | Reached XP level 2. HP: 11/15 MP: 1/5
   203 | D:1      | Reached skill level 4 in Earth Magic
   484 | D:1      | Reached XP level 3. HP: 19/19 MP: 1/6
   486 | D:1      | Reached skill level 1 in Conjurations
   490 | D:1      | Learned a level 3 spell: Stone Arrow
   848 | D:2      | You fall into a shaft and drop 2 floors!
   996 | D:4      | Noticed an ogre
  1021 | D:4      | Killed an ogre
  1022 | D:4      | Reached skill level 5 in Earth Magic
  1022 | D:4      | Reached XP level 4. HP: 24/24 MP: 0/8
  1022 | D:4      | Reached XP level 5. HP: 28/28 MP: 0/9
  2207 | D:2      | Noticed Terence
  2212 | D:2      | Killed Terence
  2388 | D:2      | Found a runed translucent door.
  2389 | D:2      | Noticed Crazy Yiuf
  2393 | D:2      | Slain by Crazy Yiuf

Illustrated notes

Levels and vault maps discovered:
D:1:      dpeg_arrival_long_road, layout_basic, corner_web_ring
D:2:      layout_basic, hangedman_decor_points, uniq_terence,
          uniq_crazy_yiuf_cottage
D:3:      minmay_spotlight, layout_rooms, serial_park_tiny_1, uniq_natasha
D:4:      layout_basic, gammafunk_temple_overflow_elements, kennysheep_dice

Skill      XL: |  1  2  3 |
---------------+----------+-----
Earth Magic    | 4 5 |  5.5
Conjurations   | 2 |  2.1
Spellcasting   | 3 |  3.3
Dodging        | |  1.8
Stealth        | |  2.1
Transmutations | |  0.7

Action                   |  1- 3 |  4- 6 || total
-------------------------+-------+-------++-------
Melee: Unarmed           |     1 |       ||     1
 Cast: Sandblast         |    39 |    12 ||    51
       Stone Arrow       |     3 |    20 ||    23
  Use: Scroll            |     1 |     5 ||     6
Armor: Robe              |     7 |       ||     7
Dodge: Dodged            |    13 |     5 ||    18
